 Dungeon Crawl Stone Soup version 0.19-a0-926-g4486784 (webtiles) character file.

26559 Gagarin the Thaumaturge (level 12, 0/74 HPs)
             Began as a High Elf Wizard on July 6, 2016.
             Was a High Priest of Sif Muna.
             Slain by a yak (1 damage)
             ... on level 6 of the Lair of Beasts.
             The game lasted 02:06:03 (20517 turns).

Gagarin the Thaumaturge (High Elf Wizard)          Turns: 20517, Time: 02:06:04

Health: 0/74       AC:  7    Str: 14    XL:     12   Next: 99%
Magic:  38/38      EV: -3    Int: 26    God:    Sif Muna [*****.]
Gold:   422        SH:  0    Dex: 15    Spells: 11 memorised, 4 levels left

rFire  + . .     SeeInvis .     I - +8 dagger of the Mosquito {freeze, Str+3}
rCold  . . .     Gourm    .     R - +2 robe {rF+}
rNeg   + + +     Faith    .     (no shield)
rPois  ∞         Spirit   .     b - +0 hat
rElec  .         Dismiss  .     Y - +0 cloak
rCorr  .         Reflect  +     F - +0 pair of gloves
SustAt .         Harm     .     M - +0 pair of boots
MR     +....                    s - +5 amulet of reflection
Stlth  +++++.....               q - +4 ring of strength
                                D - ring of magical power

@: petrified, repel missiles, somewhat resistant to hostile enchantments, quite
stealthy
A: no striking features
a: Divine Energy, Channel Magic, Forget Spell, Renounce Religion


You were on level 6 of the Lair of Beasts.
You worshipped Sif Muna.
Sif Muna was extremely pleased with you.
You were not hungry.

You visited 3 branches of the dungeon, and saw 18 of its levels.

You collected 944 gold pieces.
You spent 522 gold pieces at shops.

Inventory:

Hand Weapons
 I - the +8 dagger of the Mosquito (weapon) {freeze, Str+3}
   (You found it on level 6 of the Dungeon)

   It has been specially enchanted to freeze those struck by it, causing extra
   injury to most foes and up to half again as much damage against particularly
   susceptible opponents.
   It can also slow down cold-blooded creatures.
   It affects your strength (+3).
Missiles
 k - 5 javelins of returning (quivered)
Armour
 b - a +0 hat (worn)
 u - a +2 robe of cold resistance
 F - a +0 pair of gloves (worn)
 M - a +0 pair of boots (worn)
 R - a +2 robe of fire resistance (worn)
 Y - a +0 cloak (worn)
Jewellery
 c - an uncursed ring of fire {unknown}
 q - a +4 ring of strength (right hand)
 s - a +5 amulet of reflection (around neck)
 D - a ring of magical power (left hand)
Wands
 g - a wand of heal wounds (5/9)
 j - a wand of paralysis (10/24)
 n - a wand of lightning (11/15)
 E - a wand of confusion (12/48)
 K - a wand of digging (14/24)
 W - a wand of acid (6/15)
Scrolls
 e - 3 scrolls of identify
 f - 2 scrolls of remove curse
 h - 2 scrolls of teleportation
 r - a scroll of enchant weapon
 y - a scroll of fear
 J - 3 scrolls of magic mapping
Potions
 a - a potion of agility
 i - 4 potions of lignification
 m - a potion of brilliance
 o - 3 potions of flight
 t - 3 potions of heal wounds
 w - a potion of haste {unknown}
 z - 7 potions of curing
 C - 3 potions of might
 H - a potion of mutation {unknown}
 T - a potion of ambrosia {unknown}
 Z - a potion of cancellation {unknown}
Books
 l - a book of Debilitation

   Spells                             Type                      Level
   a - Corona                         Hexes                        1
   b - Slow                           Hexes                        2
   c - Gell's Gravitas                Hexes/Translocation          3
   d - Inner Flame                    Hexes/Fire                   3
   e - Cause Fear                     Hexes                        4
   f - Leda's Liquefaction            Hexes/Earth                  4
 x - a book of Power

   Spells                             Type                      Level
   a - Fulminant Prism                Conjuration/Hexes            4
   b - Iskenderun's Mystic Blast      Conjuration                  4
   c - Venom Bolt                     Conjuration/Poison           5
   d - Bolt of Magma                  Conjuration/Fire/Earth       5
   e - Iron Shot                      Conjuration/Earth            6
   f - Orb of Destruction             Conjuration                  7
   g - Spellforged Servitor           Conjuration/Summoning        7
Miscellaneous
 L - a disc of storms
 V - a phantom mirror
Comestibles
 d - 12 bread rations
 p - 16 fruits
 v - 4 chunks of flesh
 O - 15 royal jellies
 P - 4 beef jerkies


   Skills:
 + Level 3.8 Fighting
 + Level 5.3 Short Blades
 + Level 3.9 Throwing
 + Level 7.6 Dodging
 + Level 11.1 Stealth
 + Level 12.7 Spellcasting
 + Level 10.7 Conjurations
 + Level 2.5 Hexes
 + Level 0.5 Charms
 + Level 2.1 Summonings
 + Level 3.2 Translocations
 + Level 2.3 Fire Magic
 + Level 5.2 Air Magic
 + Level 0.7 Earth Magic
 + Level 4.5 Poison Magic
 + Level 0.6 Evocations


You had 4 spell levels left.
You knew the following spells:

 Your Spells              Type           Power        Failure   Level  Hunger
a - Magic Dart            Conj           ####         1%          1    None
b - Mephitic Cloud        Conj/Pois/Air  ######..     1%          3    None
c - Blink                 Tloc           N/A          1%          2    None
d - Conjure Flame         Conj/Fire      ######..     1%          3    None
e - Repel Missiles        Chrm/Air       ####..       1%          2    None
f - Call Imp              Summ           ####....     2%          2    None
g - Venom Bolt            Conj/Pois      ######....   6%          5    ###....
h - Fulminant Prism       Conj/Hex       ######....   2%          4    None
i - Bolt of Magma         Conj/Fire/Erth #####.....   17%         5    ###....
j - Slow                  Hex            ####....     1%          2    None
k - Gell's Gravitas       Hex/Tloc       ####......   3%          3    None


Dungeon Overview and Level Annotations

Branches:
Dungeon (11/15)            Temple (1/1) D:7            Lair (6/6) D:11
  Swamp (0/4) Lair:2       Spider (0/4) Lair:4        Slime (0/5) Lair:5
    Orc (0/2) D:9

Altars:
Ashenzari
Nemelex Xobeh
Pakellas
Qazlal
Sif Muna
Trog
Vehumet
Xom
The Shining One
Beogh

Shops:
D:5 *   D:8 :


Message History

The death yak is engulfed in calcifying dust.
The death yak is moving more slowly.
The catoblepas gores you!!
The komodo dragon stops moving altogether!
The catoblepas gores you! The death yak gores you! The catoblepas gores you.
The death yak gores you but does no damage.
The catoblepas gores you. The death yak gores you.
The death yak stops moving altogether!
The catoblepas gores you. The catoblepas gores you!!
* * * LOW HITPOINT WARNING * * *
The yak bellows!
You hear a bellow!
The catoblepas gores you!!
* * * LOW HITPOINT WARNING * * *
The death yak bellows!
The catoblepas gores you!!
* * * LOW HITPOINT WARNING * * *
The yak gores you.
You die...

.................................
......................#.P.......#
....................YP.#.........
.#..........#P#........Y.........
.......)...####.#................
..........#.# ###..§.............
..........##.##..l§..............
..........P##.#.Y#....P..........
............#.#.@Y#.#............
...........#...Y....##...........
..P......###..Y.8.t..##..........
........###...#####....#....<....
#.#.P..###...# ##...##........
##...### ...# #....#........
..... ... ##..[.#....... .#..+ ..
.....+...... ...8..P....


You could see 2 death yaks, a catoblepas, a komodo dragon (petrified), 3 yaks
and a crocodile.

Vanquished Creatures
  Josephine (Lair:6)
  2 hydras (Lair:5)
  Erica (D:8)
  Urug (Lair:1)
  Sonja (Lair:3)
  A hill giant (D:9)
  Pikel (D:6)
  A faun (Lair:5)
  3 elephants (Lair:3)
  Joseph (D:8)
  A black mamba (Lair:4)
  Maurice (D:8)
  8 spiny frogs
  6 komodo dragons
  A rime drake (Lair:6)
  2 polar bears (D:9)
  A queen bee (Lair:3)
  2 two-headed ogres
  2 boulder beetles (Lair:5)
  Grinder (D:5)
  Sigmund (D:4)
  A spriggan (D:7)
  A vampire (D:10)
  25 yaks
  2 basilisks (Lair:2)
  4 wraiths (Lair:6)
  7 hippogriffs
  2 hungry ghosts
  Edmund (D:6)
  4 water moccasins
  Duvessa (D:4)
  5 orc warriors
  7 porcupines
  5 ice beasts
  A black bear (D:11)
  4 phantoms
  6 ogres
  2 wolves (D:9)
  4 centaurs
  7 crocodiles
  Blork the orc (D:4)
  7 giant frogs
  Dowan (D:4)
  3 scorpions
  28 killer bees
  4 wights (D:8)
  4 jellies
  4 electric eels
  2 howler monkeys
  3 crimson imps
  A quasit (D:9)
  A centaur skeleton (D:6)
  2 hounds
  4 orc priests
  2 giant frog skeletons
  9 iguanas
  10 orc wizards
  Terence (D:2)
  Natasha (thrice) (D:2)
  7 worker ants
  A wasp simulacrum (D:9)
  A hound zombie (D:10)
  A hound skeleton (D:7)
  A worker ant zombie (D:5)
  10 gnolls
  46 river rats
  7 adders
  2 hound simulacra (D:9)
  3 shadow imps
  A white imp (D:9)
  4 ufetubi (D:9)
  5 oozes
  2 adder skeletons
  4 worms
  2 dart slugs
  2 giant geckos
  60 orcs
  7 giant cockroaches
  5 goblins
  4 hobgoblins
  20 jackals
  4 kobolds
  2 quokkas
  A ball python (D:3)
  21 bats
  A giant gecko zombie (D:3)
  7 giant newts
  A quokka zombie (D:7)
  11 rats
  2 plants
463 creatures vanquished.

Vanquished Creatures (collateral kills)
  A water moccasin (Lair:3)
  2 killer bees (Lair:3)
  A jackal (D:8)
4 creatures vanquished.

Vanquished Creatures (others)
  An elf (D:3)
  A slave (D:6)
  A killer bee (Lair:3)
  A crimson imp (D:6)
  A giant gecko zombie (D:6)
  24 fulminant prisms
  21 fungi
  11 plants
61 creatures vanquished.

Grand Total: 528 creatures vanquished

Notes
Turn   | Place    | Note
-------+----------+-------------------------------------------
     0 | D:1      | Gagarin the High Elf Wizard began the quest for the Orb.
     0 | D:1      | Reached XP level 1. HP: 11/11 MP: 6/6
   204 | D:1      | Reached XP level 2. HP: 17/17 MP: 2/7
   355 | D:1      | Reached skill level 4 in Spellcasting
   511 | D:2      | Noticed Terence
   541 | D:2      | Killed Terence
   541 | D:2      | Reached XP level 3. HP: 9/21 MP: 5/10
   727 | D:2      | Learned a level 3 spell: Mephitic Cloud
   731 | D:2      | Learned a level 2 spell: Blink
  1051 | D:2      | Noticed Natasha
  1058 | D:2      | Killed Natasha
  1058 | D:2      | Reached XP level 4. HP: 27/27 MP: 3/11
  1170 | D:2      | Noticed Natasha
  1176 | D:2      | Killed Natasha
  1176 | D:2      | Reached skill level 5 in Spellcasting
  1213 | D:2      | Noticed Natasha
  1228 | D:2      | Killed Natasha
  1262 | D:3      | Learned a level 3 spell: Conjure Flame
  1290 | D:3      | Found an oddly glowing altar of Pakellas.
  1290 | D:3      | Noticed an elf
  1298 | D:3      | Killed an elf
  1301 | D:3      | Noticed an acid blob
  1372 | D:3      | Reached XP level 5. HP: 22/32 MP: 0/13
  1897 | D:3      | Reached skill level 1 in Fighting
  2830 | D:3      | Learned a level 2 spell: Repel Missiles
  3163 | D:3      | Found a glowing golden altar of the Shining One.
  3427 | D:4      | Noticed Sigmund
  3679 | D:4      | Noticed Duvessa
  3682 | D:4      | Noticed Dowan
  3869 | D:4      | Killed Duvessa
  3869 | D:4      | Reached XP level 6. HP: 30/38 MP: 5/15
  3959 | D:4      | Killed Dowan
  4122 | D:4      | Noticed Blork the orc
  4154 | D:4      | Killed Blork the orc
  4154 | D:4      | Reached skill level 1 in Throwing
  4188 | D:4      | Reached skill level 6 in Spellcasting
  4188 | D:4      | Reached XP level 7. HP: 39/43 MP: 8/17
  4250 | D:4      | Learned a level 2 spell: Call Imp
  4443 | D:4      | Reached skill level 1 in Air Magic
  4735 | D:5      | Entered Level 5 of the Dungeon
  4795 | D:5      | Noticed Grinder
  4817 | D:5      | Paralysed by Grinder for 7 turns
  5016 | D:4      | Killed Sigmund
  5365 | D:5      | You fall through a shaft!
  5478 | D:5      | Reached skill level 1 in Short Blades
  5569 | D:5      | Reached XP level 8. HP: 48/48 MP: 19/19
  5660 | D:5      | Found a sparkling altar of Nemelex Xobeh.
  5740 | D:5      | Reached skill level 1 in Poison Magic
  5816 | D:5      | Reached skill level 7 in Spellcasting
  6098 | D:5      | Found Nyigue's General Store.
  6110 | D:5      | Reached skill level 5 in Conjurations
  6112 | D:5      | Bought a scroll of identify for 22 gold pieces
  6112 | D:5      | Bought a scroll of amnesia for 38 gold pieces
  6112 | D:5      | Bought a scroll of identify for 22 gold pieces
  6326 | D:5      | Paralysed by Grinder for 3 turns
  6532 | D:6      | Got a warped dagger
  6534 | D:6      | Identified the +8 dagger of the Mosquito {freeze, Str+3} (You found it on level 6 of the Dungeon)
  6717 | D:5      | Killed Grinder
  6717 | D:5      | Reached skill level 1 in Summonings
  6826 | D:6      | Noticed Pikel
  6828 | D:6      | Noticed Edmund
  6836 | D:6      | Killed Pikel
  6836 | D:6      | Reached skill level 5 in Stealth
  6836 | D:6      | Reached skill level 1 in Fire Magic
  6845 | D:6      | Reached XP level 9. HP: 25/54 MP: 21/21
  6853 | D:6      | Killed Edmund
  7298 | D:6      | Reached skill level 8 in Spellcasting
  7938 | D:7      | Found a staircase to the Ecumenical Temple.
  7947 | Temple   | Entered the Ecumenical Temple
  7954 | Temple   | Became a worshipper of Sif Muna the Loreminder
  8778 | D:8      | Found Nadoaz's Book Boutique.
  8911 | D:8      | Reached skill level 5 in Dodging
  9313 | D:8      | Reached * piety under Sif Muna
  9326 | D:8      | Reached skill level 9 in Spellcasting
  9418 | D:8      | Reached XP level 10. HP: 27/61 MP: 24/24
  9617 | D:8      | Got a heavy robe
  9635 | D:8      | Identified the +1 robe of Utisokio {*Confuse Int+2 Dex+9} (You found it on level 8 of the Dungeon)
  9665 | D:8      | Noticed Maurice
  9748 | D:8      | Found a roughly hewn altar of Beogh.
  9896 | D:8      | Killed Maurice
  9948 | D:8      | Noticed Joseph
  9948 | D:8      | Noticed Erica
  9970 | D:8      | Killed Joseph
  9989 | D:8      | Killed Erica
  9989 | D:8      | Reached ** piety under Sif Muna
 10377 | D:9      | Found a staircase to the Orcish Mines.
 10672 | D:9      | Reached skill level 10 in Spellcasting
 11442 | D:9      | Noticed a hill giant
 11490 | D:9      | Killed a hill giant
 11822 | D:9      | Reached XP level 11. HP: 55/66 MP: 26/26
 11883 | D:10     | Entered Level 10 of the Dungeon
 12640 | D:11     | Reached *** piety under Sif Muna
 12832 | D:11     | Found a stormy altar of Qazlal.
 13217 | D:11     | Found a staircase to the Lair.
 13273 | D:11     | Found a flickering gateway to a bazaar.
 13357 | Lair:1   | Entered Level 1 of the Lair of Beasts
 13370 | Lair:1   | Reached skill level 11 in Spellcasting
 13596 | Lair:1   | Noticed Urug
 13642 | Lair:1   | Killed Urug
 14293 | Lair:1   | Reached **** piety under Sif Muna
 14301 | Lair:1   | Reached skill level 5 in Short Blades
 14503 | Lair:1   | Learned a level 5 spell: Venom Bolt
 14508 | Lair:1   | Learned a level 4 spell: Fulminant Prism
 14951 | Lair:2   | Found a staircase to the Swamp.
 15065 | Lair:2   | Reached skill level 10 in Stealth
 15307 | Lair:3   | Reached XP level 12. HP: 37/72 MP: 5/28
 15469 | Lair:3   | Noticed Sonja
 15469 | Lair:3   | Noticed a five-headed hydra
 16108 | Lair:3   | Killed Sonja
 16486 | Lair:3   | Reached skill level 5 in Air Magic
 16913 | Lair:4   | Reached ***** piety under Sif Muna
 16913 | Lair:4   | Reached skill level 12 in Spellcasting
 16913 | Lair:4   | Reached skill level 10 in Conjurations
 16931 | Lair:4   | Learned a level 5 spell: Bolt of Magma
 16945 | Lair:4   | Found a hole to the Spider Nest.
 18148 | D:8      | Bought a book of Debilitation for 440 gold pieces
 18151 | D:8      | Learned a level 2 spell: Slow
 18155 | D:8      | Learned a level 3 spell: Gell's Gravitas
 18694 | Lair:5   | Found a staircase to the Slime Pits.
 18847 | Lair:5   | Reached skill level 1 in Hexes
 19620 | Lair:5   | Noticed a five-headed hydra
 19630 | Lair:5   | Killed a five-headed hydra
 19827 | Lair:5   | Noticed a five-headed hydra
 19833 | Lair:5   | Killed a five-headed hydra
 19840 | Lair:6   | Entered Level 6 of the Lair of Beasts
 19840 | Lair:6   | Noticed Josephine
 20146 | Lair:6   | Killed Josephine
 20478 | Lair:6   | Noticed a death yak
 20480 | Lair:6   | Noticed a death yak
 20480 | Lair:6   | Noticed a death yak
 20499 | Lair:6   | Noticed a catoblepas
 20517 | Lair:6   | Noticed a death yak
 20517 | Lair:6   | HP: 1/74 [catoblepas (12)]
 20517 | Lair:6   | Slain by a yak

Vault maps used:
D:1:      lemuel_arrival_muddy
D:2:      uniq_natasha, uniq_terence
D:3:      tso_altar, grunt_ministairs_13, gammafunk_pakellas_its_alive
D:4:      serial_bayou_pond_e, kennysheep_flooded_box, uniq_sigmund,
          uniq_duvessa, uniq_blork_the_orc
D:5:      first_bread, serial_shops, nicolae_shop_behind_doors,
          grunt_ministairs_5, grunt_nemelex_the_gamble, uniq_grinder
D:6:      uniq_edmund, uniq_pikel
D:7:      minmay_misc_feat_tower, the_bakery, corexii_corridor_pit,
          kennysheep_generic_room_2
D:8:      special_room, serial_shops, shop, uniq_joseph, uniq_erica,
          uniq_maurice
D:9:      orc_0_dummy, serial_ice, serial_ice_e, serial_ice_j, serial_ice_n,
          serial_ice_c, serial_ice_b, serial_ice_o, serial_ice_d
D:11:     grunt_lair_entry_orc_guard_hut, serial_shops, bzr_entry_water,
          grunt_qazlal_sundering
Temple:   nicolae_temple_the_god_donut
Lair:1:   uniq_urug
Lair:2:   swamp_mist
Lair:3:   grunt_megastairs_4, serial_bayou_shore_b, uniq_sonja
Lair:4:   nicolae_spider_entry_non_spiders, serial_bayou_shore_b
Lair:5:   boulder_dual_corridor_run, nicolae_slime_entry_slimehenge,
          grunt_forest_large_clearings, serial_bayou_shore_b
Lair:6:   due_jungle_book, nicolae_lair_yak_garden, grunt_megastairs_5,
          uniq_josephine

Skill      XL: |  1  2  3  4  5  6  7  8  9 10 11 12 |
---------------+-------------------------------------+-----
Spellcasting   | 4 5 6 7 9 10 11 12 | 12.7
Stealth        | 3 4 5 7 8 10 11 | 11.1
Dodging        | 3 4 5 6 7 |  7.6
Conjurations   | 2 3 4 6 7 8 9 10 | 10.7
Fighting       | 1 2 3 |  3.8
Throwing       | 1 3 |  3.9
Air Magic      | 1 2 3 4 5 |  5.2
Short Blades   | 1 2 3 5 |  5.3
Poison Magic   | 1 2 3 4 |  4.5
Summonings     | 1 2 |  2.1
Fire Magic     | 1 2 |  2.3
Translocations | 3 |  3.2
Hexes          | 2 |  2.5
Charms         | |  0.5
Earth Magic    | |  0.7
Evocations     | |  0.6

Action                   |  1- 3 |  4- 6 |  7- 9 | 10-12 || total
-------------------------+-------+-------+-------+-------++-------
Melee: Dagger            |    28 |   129 |   164 |   595 ||   916
       Short sword       |       |       |       |     1 ||     1
 Fire: Blowgun           |       |    25 |     9 |       ||    34
Throw: Javelin           |       |       |       |    19 ||    19
 Cast: Magic Dart        |    38 |    65 |   217 |   281 ||   601
       Mephitic Cloud    |     1 |    29 |    25 |   107 ||   162
       Conjure Flame     |       |     3 |    13 |    13 ||    29
       Blink             |       |     2 |     3 |    14 ||    19
       Repel Missiles    |       |     2 |       |     2 ||     4
       Call Imp          |       |       |     3 |     9 ||    12
       Venom Bolt        |       |       |       |    26 ||    26
       Fulminant Prism   |       |       |       |    24 ||    24
       Gell's Gravitas   |       |       |       |    17 ||    17
       Bolt of Magma     |       |       |       |     9 ||     9
       Slow              |       |       |       |     8 ||     8
Evoke: Wand              |       |       |       |     7 ||     7
  Use: Scroll            |       |     1 |     5 |    26 ||    32
       Potion            |       |       |       |     4 ||     4
 Stab: Sleeping          |     3 |     3 |    14 |    24 ||    44
       Confused          |     1 |     2 |     8 |    41 ||    52
       Distracted        |       |     1 |     2 |     4 ||     7
  Eat: Chunk             |       |    10 |    12 |    28 ||    50
       Beef jerky        |       |     1 |       |       ||     1
       Meat ration       |       |       |     1 |     3 ||     4
       Pizza             |       |       |       |     2 ||     2
Armor: Robe              |     8 |    19 |    28 |   127 ||   182
Dodge: Dodged            |    34 |    89 |    68 |   351 ||   542
       Deflected         |       |     2 |     2 |     8 ||    12
Block: Other             |       |       |       |    38 ||    38
